Map: Ulrena

Players

Bjorn - Winner!

  • Race: Zerg Zerg
  • League: Master

Loon

  • Race: Zerg Zerg
  • League: Diamond

VOD

Have the link to the VOD?

Description

Time

  • Played on: March 11, 2016, 6:06 p.m.
  • Length: 5:10
Show
View Real Time Build Order
Export as new Build Order

Bjorn Zerg - Winner!

Build Orders: Pool First 

Get SALT Encoding   

  12  0:01  Drone  
  13  0:09  Drone  
  14  0:15  Extractor  
  14  0:16  Drone  
  14  0:32  Spawning Pool  
  13  0:37  Drone  
  14  0:46  Extractor, Drone  
  15  0:53  Overlord  
  15  1:19  Zergling x6  
  15  1:20  Metabolic Boost  
  18  1:31  Zergling x2  
  19  1:38  Queen  
  21  1:42  Zergling x2  
  22  1:55  Overlord  
  22  2:11  Hatchery  
  21  2:18  Zergling x2  
  22  2:24  Drone  
  23  2:37  Drone x2  
  25  2:46  Drone  
  25  2:54  Drone x3  
  28  3:08  Baneling Nest  
  28  3:09  Drone  
  28  3:19  Zergling x2  
  29  3:24  Queen  
  29  3:25  Overlord  
  31  3:30  Zergling x2  
  32  3:35  Zergling x8  
  36  3:49  Zergling x4  
  36  3:55  Zergling x4  
  39  4:09  Zergling x8  
  43  4:16  Baneling x5, Roach Warren  
  41  4:41  Drone x2  
  41  4:42  Overlord x2  
  41  4:43  Extractor  
Show
View Real Time Build Order
Export as new Build Order

Loon Zerg 

Build Orders: Pool First 

Get SALT Encoding   

  12  0:01  Drone  
  13  0:08  Drone  
  14  0:17  Overlord  
  14  0:37  Extractor, Drone x3  
  16  0:48  Drone  
  17  0:54  Spawning Pool  
  16  0:59  Drone  
  17  1:21  Hatchery  
  17  1:25  Drone  
  17  1:33  Overlord  
  17  1:36  Drone  
  18  1:44  Spine Crawler  
  17  1:48  Zergling x2  
  18  1:55  Metabolic Boost  
  18  1:59  Zergling x2  
  19  2:05  Zergling x2  
  20  2:12  Queen  
  22  2:17  Zergling x2  
  22  2:32  Zergling x2  
  23  2:37  Zergling x4  
  22  2:45  Zergling x2  
  22  2:47  Zergling x2  
  23  3:01  Zergling x2  
  23  3:02  Zergling x2  
  23  3:10  Zergling x2  
  23  3:12  Drone  
  25  3:22  Zergling x2  
  25  3:23  Queen  
  28  3:28  Baneling Nest  
  27  3:36  Zergling x4  
  27  3:37  Overlord  
  27  4:06  Queen  
  27  4:09  Zergling x4  
  29  4:10  Zergling x4  
  29  4:12  Baneling x3  
  30  4:17  Hatchery  
  27  4:32  Zergling x4  
Tags
 
Add a new tag
Caveats
  • Supply blocks, unpowered buildings, or Contaminate may cause inaccurate times.
  • Supply counts are checked every 10 seconds.